Match 38386797
Unlisted

Match 38386797
End
Royal Engineer Section
Construct Section Command Post
Infantry Section
Infantry Section
Infantry Section
Vickers Machine Gun Team
Construct Platoon Command Post
Humber Armored Car
Construct Field Infirmary
Selects Air and Sea Battlegroup
Selects Commando Section Paradrop
Selects Commando Support Section Paradrop
Commando Support Section Paradrop
Commando Section Paradrop
STALKER4732
ezh
kit.ohume
Devochkin
krouw.so
알뜰펫
Mettiu
NACASTA
0
0

Comments sign in to comment!

No comments posted yet!